[Event "LEM Niedersachsen-Meister 2025"]
[Site "Verden"]
[Date "2025.01.02"]
[Round "1.1"]
[White "Stelmaszyk, Nico"]
[Black "Mueer, Sebastian"]
[Result "1/2-1/2"]
[ECO "B22"]
[WhiteElo "2403"]
[BlackElo "2175"]
[Annotator "TA"]
[PlyCount "88"]
[EventDate "2024.12.27"]
[EventType "swiss"]
[EventCountry "GER"]
[SourceTitle "playchess.com"]
[Source "ChessBase"]
[SourceQuality "1"]
[TimeControl "40/5400+30:1800+30"]

1. e4 c5 2. c3 d5 3. exd5 Qxd5 4. d4 Nf6 5. Nf3 e6 6. c4 Qd8 7. Nc3 cxd4 8. Qxd4 Qxd4 9. Nxd4 a6 {[%emt 0:01:12] Repels Ndb5} 10. Be2 Bd7 11. Be3 Nc6 12. Nb3 Rc8 13. Nc5 Ne5 14. Nxd7 Nfxd7 15. b3 Bc5 16. Bd2 Nc6 17. Ne4 Be7 18. Rd1 Nc5 19. Nxc5 Bxc5 20. O-O Ke7 21. Bc3 f6 22. Rd3 Rcd8 23. Rh3 Bd4 24. Be1 Bc5 25. Bf3 Rd7 26. Bxc6 bxc6 27. b4 Bd4 28. Ra3 Ra7 29. Bd2 Rd8 30. Bc1 Rdd7 31. Rb3 e5 32. Re1 Ke6 33. Kf1 a5 34. b5 cxb5 35. cxb5 a4 36. Rb1 $1 Rab7 37. Be3 Rd5 {[%emt 0:01:09] ...Bxe3 is the strong threat.} 38. Bxd4 Rxd4 $11 {[%emt 0:00:32][%mdl 4096] Endgame KRR-KRR} 39. Rb2 a3 40. Rb3 Rd2 41. Re2 $1 Rd1+ 42. Re1 Rd2 43. Re2 $1 Rd1+ 44. Re1 Rd2 1/2-1/2

[Event "LEM Niedersachsen-Meister 2025"]
[Site "Verden"]
[Date "2025.01.02"]
[Round "1.2"]
[White "Lichtmannecker, Daniel"]
[Black "Abel, Dennes"]
[Result "0-1"]
[ECO "B10"]
[WhiteElo "2171"]
[BlackElo "2381"]
[Annotator "TA"]
[PlyCount "98"]
[EventDate "2024.12.27"]
[EventType "swiss"]
[EventCountry "GER"]
[SourceTitle "playchess.com"]
[Source "ChessBase"]
[SourceQuality "1"]
[TimeControl "40/5400+30:1800+30"]

1. e4 c6 2. Nf3 d5 3. d3 Qc7 4. Nc3 dxe4 5. dxe4 Nd7 6. a4 Ngf6 7. Bc4 Nb6 8. Bb3 Bg4 9. h3 Bxf3 10. Qxf3 e6 11. O-O Bd6 12. Ne2 Nbd7 13. c3 $1 h6 14. Bf4 (14. Nd4 $14) 14... Bxf4 $11 15. Nxf4 Ne5 16. Qe3 g5 17. Nd3 Nfd7 18. Nxe5 Nxe5 19. f4 gxf4 20. Rxf4 (20. Qxf4 $11 O-O-O 21. Rad1) 20... Qb6 $15 21. Qxb6 axb6 22. Rd1 Ke7 23. Rf2 Rhg8 24. Kh2 Rg6 25. Rdd2 Rag8 26. Bd1 Rg5 27. Be2 Ra8 28. Bd1 Rgg8 29. Bb3 Rad8 30. Rfe2 Nd3 {[%emt 0:04:52] Hoping for ...Nc1. Black is more active.} 31. Kg1 $2 (31. Rd1 $15) 31... Nc1 32. Bc2 Nxe2+ 33. Rxe2 $19 {[%emt 0:00:04][%mdl 4096] Endgame KRR-KRB} Rg3 34. Kf2 Rdg8 35. Kf1 R3g5 36. Rf2 b5 37. axb5 Rxb5 38. Bd1 Ra8 39. b3 Ra1 40. Ke2 Ra2+ 41. Ke3 Rxf2 42. Kxf2 {[%emt 0:00:09] KR-KB} Rc5 43. c4 Kd6 44. Ke3 Ke5 45. Bh5 f6 46. Kd3 Ra5 47. Bf3 c5 48. Kc3 Ra2 49. Kd3 b6 0-1

[Event "LEM Niedersachsen-Meister 2025"]
[Site "Verden"]
[Date "2025.01.02"]
[Round "1.3"]
[White "von Mettenheim, Johannes"]
[Black "Peters, Tom"]
[Result "1/2-1/2"]
[ECO "E14"]
[WhiteElo "2333"]
[BlackElo "2166"]
[Annotator "TA"]
[PlyCount "38"]
[EventDate "2024.12.27"]
[EventType "swiss"]
[EventCountry "GER"]
[SourceTitle "playchess.com"]
[Source "ChessBase"]
[SourceQuality "1"]
[TimeControl "40/5400+30:1800+30"]

1. d4 Nf6 2. Nf3 e6 3. e3 b6 4. Bd3 Bb7 5. O-O d5 6. b3 Nbd7 7. Bb2 Be7 8. c4 O-O 9. Nbd2 c5 10. cxd5 Nxd5 11. Rc1 cxd4 12. Nxd4 Nc5 13. Bb1 Rc8 14. Nc4 Bf6 15. Qg4 b5 16. Nxb5 Bxb2 17. Nxb2 Ba6 $1 18. a4 Qf6 {[%emt 0:07:40][%mdl 1024] Black has compensation.} 19. Nd3 Bxb5 1/2-1/2

[Event "LEM Niedersachsen-Meister 2025"]
[Site "Verden"]
[Date "2025.01.02"]
[Round "1.4"]
[White "Bruns, Kai-Christian"]
[Black "Pubantz, Jan"]
[Result "1-0"]
[ECO "B13"]
[WhiteElo "2157"]
[BlackElo "2339"]
[Annotator "TA"]
[PlyCount "39"]
[EventDate "2024.12.27"]
[EventType "swiss"]
[EventCountry "GER"]
[SourceTitle "playchess.com"]
[Source "ChessBase"]
[SourceQuality "1"]
[TimeControl "40/5400+30:1800+30"]

1. e4 c6 2. d4 d5 3. exd5 cxd5 4. Bd3 Nf6 5. h3 Nc6 6. c3 e5 7. dxe5 Nxe5 8. Nf3 Nxd3+ 9. Qxd3 Bd6 10. O-O O-O {[%emt 0:00:28] The position is equal.} 11. Be3 Re8 12. Nbd2 Ne4 13. Rfd1 Bf5 14. Nf1 (14. Qxd5 $2 Bh2+ 15. Nxh2 Qxd5 $19) 14... Qf6 (14... Be6 $11) 15. Qxd5 $16 Bxh3 $2 {[%emt 0:19:25] [#] This move loses the game for Black.} 16. Ng5 $1 $18 Re5 (16... Nxg5 17. Qxg5 (17. Bxg5 Qg6 $11) 17... Qxg5 18. Bxg5 $18) (16... Bxg2 17. Kxg2 Nxg5) 17. Qxb7 {[%emt 0:07:08] White is clearly winning.} ({Less strong is} 17. Nxe4 Qg6 $16 (17... Rxd5 $2 18. Nxf6+ gxf6 19. Rxd5 $18) (17... Rxd5 $2 18. Nxf6+ gxf6 19. Rxd5 $18)) 17... Rb8 18. Nxe4 Qg6 {[%emt 0:00:31][%csl Gh3][%cal Rg6g2] [#]} 19. Qxb8+ $3 Bf8 20. Neg3 {[%emt 0:01:27] Weighted Error Value: White=0.02 (flawless) /Black=0.83.  Loses game:     	---       	Black=1      Mistake:       	---       	Black=2      Inaccurate:     	White=1     	Black=1      OK:         	White=4     	Black=1      Best:        	White=3     	Black=1      Strong:       	White=1     	---        Brilliant:      	White=1     	---} (20. Qxe5 $2 Qxg2#) 1-0

[Event "LEM Niedersachsen-Meister 2025"]
[Site "Verden"]
[Date "2025.01.02"]
[Round "1.5"]
[White "Hampel, Felix"]
[Black "Meiwes, Thore"]
[Result "1-0"]
[ECO "A13"]
[WhiteElo "2343"]
[BlackElo "2120"]
[Annotator "TA"]
[PlyCount "51"]
[EventDate "2024.12.27"]
[EventType "swiss"]
[EventCountry "GER"]
[SourceTitle "playchess.com"]
[Source "ChessBase"]
[SourceQuality "1"]
[TimeControl "40/5400+30:1800+30"]

1. c4 Nf6 2. Nf3 e6 3. Nc3 d5 4. e3 Be7 5. b3 O-O 6. Bb2 dxc4 7. Bxc4 a6 8. Qc2 $1 c5 9. h4 Nc6 10. Ng5 Nb4 11. Qb1 b5 (11... h6 $1 $11) 12. Nxb5 $14 g6 ({Black should play} 12... axb5 13. Bxf6 g6 14. Bxe7 Qxe7 15. Bxb5 Bb7) 13. Nc3 $16 {[%emt 0:00:49][%cal Oh4h5] and h5! would now be decisive White is more active.} Bb7 14. h5 $40 {[%emt 0:07:36][%mdl 128] Black is in trouble.} Bd5 $2 (14... gxh5 $2 {perishes.} 15. Nd5 $18) (14... Bxg2 15. hxg6 Bxh1 16. gxf7+ Rxf7 17. Bxe6 $16) (14... Nxh5 {is a better chance.} 15. Nxh7 Kxh7) 15. hxg6 $18 Bxc4 16. gxf7+ Rxf7 17. bxc4 Nd3+ 18. Ke2 Nxf2 19. Nxf7 (19. Kxf2 Qxd2+ 20. Ne2 (20. Kf3 {is a self mate.} Nd5+ 21. Kg3 Qxe3+ 22. Nf3 Bd6+ 23. Kh3 Rxf3+ 24. Kh4 Qh6+ 25. Kg4 Rg3#) 20... Ne4+ 21. Kg1 Qxe3+ (21... Nxg5 $2 22. Qg6+ Kf8 23. Bg7+ Rxg7 24. Rf1+ Kg8 25. Qh5 $19) 22. Kh2 Bd6+ (22... Nxg5 $2 23. Rf1 $19)) 19... Kxf7 20. Rf1 N2g4 21. Qxh7+ Ke8 22. Qg6+ Kd7 23. Ne4 Nxe4 24. Qxe4 Rb8 25. Bc3 Nf6 26. Qd3+ 1-0

[Event "LEM Niedersachsen-Meister 2025"]
[Site "Verden"]
[Date "2025.01.02"]
[Round "1.6"]
[White "Sreyas Payyappat"]
[Black "Plischki, Sebastian"]
[Result "1/2-1/2"]
[ECO "B43"]
[WhiteElo "2115"]
[BlackElo "2323"]
[Annotator "TA"]
[PlyCount "93"]
[EventDate "2024.12.27"]
[EventType "swiss"]
[EventCountry "GER"]
[SourceTitle "playchess.com"]
[Source "ChessBase"]
[SourceQuality "1"]
[TimeControl "40/5400+30:1800+30"]

1. e4 c5 2. Nf3 a6 3. Nc3 e6 4. d4 cxd4 5. Nxd4 b5 6. Bd3 Bb7 7. O-O Nc6 8. Be3 Nge7 9. f4 Nxd4 10. Bxd4 Nc6 11. Bf2 Be7 12. Qg4 O-O 13. Rad1 f6 14. a4 b4 15. Nd5 {[%emt 0:15:25] Strongly threatening Nb6.} f5 16. Nxe7+ (16. exf5 exd5 17. Qh3 h6 $17) 16... Nxe7 17. exf5 Nxf5 18. Bxf5 Rxf5 19. Bd4 g6 {[%emt 0:14:27] Black is weak on the dark squares} 20. Be5 Bd5 21. Qh3 Qb6+ 22. Rf2 Raf8 23. Bd4 Qc6 24. Qh6 R5f7 {[%emt 0:04:58] [#] Prevents Qg7+} (24... R8f7 $1 $11 25. Qh4 (25. g4 $2 Rxf4 26. Qh4 Rxf2 $19) 25... Qxa4) 25. b3 {[%emt 0:02:46] White is more active.} (25. h4 $1 $16) 25... d6 {[%emt 0:00:55][%cal Oe6e5] [#]} 26. f5 $1 exf5 (26... e5 27. fxg6) 27. Qd2 Be4 28. Ba1 Qc5 {[%emt 0:01:57] Prevents Qd4} 29. Qxd6 Qxd6 30. Rxd6 Rc7 31. Rxa6 Rd8 32. Be5 Rd1+ 33. Rf1 Rxf1+ 34. Kxf1 Rxc2 $15 {[%emt 0:00:04][%mdl 4096] Endgame KRB-KRB} 35. Rb6 Bxg2+ 36. Ke1 $1 Bf3 {[%emt 0:01:18] White must now prevent ...Re2+.} 37. Bd6 g5 38. Rxb4 f4 {[%emt 0:01:11][%cal Bf5f4,Bf4f3][%mdl 32] next ...Re2+ is good for Black.} 39. h4 $1 Re2+ (39... gxh4 40. Rxf4 Rc1+ 41. Kd2 Rd1+ 42. Kc3) 40. Kf1 Rd2 ({Much weaker is} 40... gxh4 $6 41. Rxf4 Rd2 42. Rxf3 $16) 41. Be7 Rb2 (41... Bg4 $11) 42. Bxg5 $14 Be2+ $1 43. Kg1 f3 44. Be3 (44. Rf4 $5 h6 45. Bxh6 $16) 44... Bd1 45. Bf2 Rxb3 46. Rxb3 Bxb3 47. a5 1/2-1/2

[Event "LEM Niedersachsen-Meister 2025"]
[Site "Verden"]
[Date "2025.01.02"]
[Round "1.7"]
[White "Hoeffer, David"]
[Black "Garbuszus, Juergen"]
[Result "1-0"]
[ECO "A80"]
[WhiteElo "2322"]
[BlackElo "2068"]
[Annotator "TA"]
[PlyCount "105"]
[EventDate "2024.12.27"]
[EventType "swiss"]
[EventCountry "GER"]
[SourceTitle "playchess.com"]
[Source "ChessBase"]
[SourceQuality "1"]
[TimeControl "40/5400+30:1800+30"]

1. d4 f5 2. Nc3 Nf6 3. Bf4 g6 4. h4 Bg7 5. e3 d6 6. Bc4 e6 7. Nf3 (7. h5 $14) 7... Qe7 8. Qe2 (8. Ne2 $5) 8... c6 9. Bb3 b6 (9... d5 $11 {keeps the balance.}) 10. O-O-O (10. e4 $1 $16) 10... a5 11. a4 Ba6 12. Qe1 $1 {[%emt 0:00:05] White is much more active.} Nbd7 {[%emt 0:04:22] [#]} (12... d5 $1 $11) 13. e4 $1 $16 e5 (13... Nxe4 $16 14. Nxe4 fxe4) 14. Bg5 h6 {[%emt 0:00:56] [#]} 15. Bxf6 $1 Bxf6 16. h5 exd4 17. Nxd4 Bxd4 18. Rxd4 Nc5 $2 (18... f4 19. Qd2 (19. hxg6 O-O-O $18) 19... O-O-O 20. hxg6 (20. Rxd6 Ne5 $18) 20... Ne5 21. Qxf4 Qg7) 19. hxg6 Nxb3+ 20. cxb3 O-O-O $2 (20... f4 21. Qd2 O-O-O 22. Qxf4 Kc7 23. Rxh6 Rxh6) 21. exf5 $18 Qg5+ 22. Qe3 Qxf5 23. Qh3 (23. g7 $142 Rhg8 24. Rxh6 (24. Qxh6 Qd7 $18) 24... Rxg7 25. Ne4 (25. Rdxd6 Rxd6 26. Rxd6 Kc7 $18)) 23... Qxh3 24. Rxh3 (24. gxh3 $6 Rhg8 $18) 24... Kc7 25. Rdh4 Bc8 26. g4 Rdg8 (26... Rhg8 {keeps fighting.}) 27. Rf3 $2 (27. Rxh6 $18 Rxh6 28. Rxh6 Bxg4 29. Ne4) 27... Rxg6 $11 28. Rf7+ Kb8 29. f3 Be6 30. Re7 Bxb3 31. Kd2 Rf8 32. Ke3 (32. Ne2 $11) 32... Rgf6 33. Rh3 d5 {[%emt 0:00:36] Prevents Ne4} 34. Ne2 c5 {[%emt 0:01:15] And now ...d4+ would win.} 35. f4 Bxa4 36. f5 (36. Kd2 $1 $15) 36... d4+ $17 37. Kd2 Rd8 (37... Rg8 $17 38. Rh4 Rc6) 38. Nf4 $15 b5 $2 (38... c4 $1 $15 {stays ahead.} 39. Ne6 Rg8) 39. b3 $18 Bxb3 40. Rxb3 b4 41. Kd3 a4 42. Rb1 Rfd6 $2 (42... b3 43. Re6 Rf7) 43. Ne6 Rc8 44. Kc4 {[%emt 0:00:00][%cal Of5f6] f6! is the strong threat.} Rdc6 45. f6 a3 46. f7 a2 47. Ra1 (47. f8=R $2 {is the wrong capture.} axb1=Q (47... axb1=R $2 48. Kb5 $19) 48. Rf2 Qe4 $19 (48... Qc1+ $2 49. Kd5 $19)) 47... b3 48. Kxb3 ({Not} 48. f8=R Rxf8 49. Nxf8 b2 $11) 48... c4+ 49. Kc2 c3 50. Re8 d3+ 51. Kxd3 Rd6+ 52. Ke4 c2 53. Rxc8+ 1-0

[Event "LEM Niedersachsen-Meister 2025"]
[Site "Verden"]
[Date "2025.01.02"]
[Round "1.8"]
[White "Drygala, Lars"]
[Black "Knuedel, Torben"]
[Result "1-0"]
[ECO "A45"]
[WhiteElo "2067"]
[BlackElo "2308"]
[Annotator "TA"]
[PlyCount "105"]
[EventDate "2024.12.27"]
[EventType "swiss"]
[EventCountry "GER"]
[SourceTitle "playchess.com"]
[Source "ChessBase"]
[SourceQuality "1"]
[TimeControl "40/5400+30:1800+30"]

1. d4 Nf6 2. Bf4 c5 3. e3 cxd4 4. exd4 Qb6 5. Na3 d6 6. Nc4 Qc7 7. Bd3 Bg4 8. f3 Be6 9. Qe2 Nc6 10. c3 Nd5 (10... O-O-O $11) 11. Bg3 $1 $14 {[%emt 0:02:07] White is more active.} g6 12. Be4 $1 O-O-O 13. Bxd5 $1 Bxd5 14. Ne3 e6 (14... Qa5 $142) 15. Nxd5 (15. c4 $1 $16 ) 15... exd5 16. Nh3 Bh6 17. O-O Rhe8 18. Qb5 Qa5 19. Qb3 Re2 20. Rae1 Re3 21. Rxe3 Bxe3+ 22. Kh1 Re8 23. Bxd6 Re6 24. Bf4 Qa6 25. Ra1 Ne7 26. Qb4 Qc4 {[%emt 0:01:59] Inhibits Qc5+.} 27. Qa3 $40 {[%emt 0:03:35][%cal Oh3g5][%mdl 128] White attacks with force.} Qa6 (27... Qe2 $16 {keeps fighting.} 28. Qc5+ (28. Qxa7 $2 Bxf4 29. Qa4 Nf5 $19) 28... Nc6 29. Qf8+ (29. Qxd5 $2 Bxf4 30. Qb3 Bd6 $19) 29... Nd8 30. Qc5+ Nc6) 28. Qc5+ Qc6 29. Qxa7 Bxf4 30. Nxf4 Re3 31. Qa3 (31. Rd1 $18) 31... g5 $16 32. Nd3 Ng6 (32... Qe6 $16) 33. Qa8+ $18 Kc7 34. Nc5 Re8 35. Qa5+ Kb8 36. b4 (36. a4 $18 {and White stays clearly on top.}) 36... b6 $16 {[%emt 0:00:57] [#]} 37. Qa6 $1 {[%emt 0:00:30] and a4 should not be overlooked} Rc8 $2 {[%emt 0:00:34][%mdl 8192] [#]} (37... Re7 $16) 38. Rb1 $2 bxc5 $4 (38... Rc7 $16) 39. bxc5+ $18 Kc7 40. Rb6 Ne7 41. Qa7+ Kd8 42. Rxc6 Rxc6 {[%emt 0:00:05][%mdl 4096] Endgame KQ-KRN} 43. Qb8+ Kd7 44. a4 Re6 45. Kg1 Re1+ 46. Kf2 Ra1 47. Qd6+ Ke8 48. c6 Ra2+ 49. Ke1 Ra1+ 50. Kd2 {[%emt 0:00:00] White wants to mate with Qb8+.} f6 51. c7 Rxa4 52. c8=Q+ Nxc8 53. Qc6+ 1-0

[Event "LEM Niedersachsen-Meister 2025"]
[Site "Verden"]
[Date "2025.01.02"]
[Round "1.9"]
[White "Voege, Tobias"]
[Black "Wilmink, Anna"]
[Result "1/2-1/2"]
[ECO "D35"]
[WhiteElo "2292"]
[BlackElo "2033"]
[Annotator "TA"]
[PlyCount "104"]
[EventDate "2024.12.27"]
[EventType "swiss"]
[EventCountry "GER"]
[SourceTitle "playchess.com"]
[Source "ChessBase"]
[SourceQuality "1"]
[TimeControl "40/5400+30:1800+30"]

1. c4 e6 2. d4 d5 3. Nc3 Nf6 4. Bg5 Be7 5. e3 O-O 6. cxd5 exd5 7. Bd3 b6 8. Nge2 Bb7 9. O-O c5 10. dxc5 bxc5 11. Rc1 Nbd7 12. Bb1 Rc8 13. Qc2 Re8 14. Rfd1 g6 15. a4 Qb6 16. Ba2 $1 Rcd8 (16... c4 $11) 17. Bxd5 $16 {[%emt 0:02:40] White is more active.} (17. Nxd5 Nxd5 18. Bxe7 Nxe7 $17) 17... Bxd5 18. Nxd5 ({White should play} 18. Rxd5 $16 Qa5 (18... Nxd5 $2 19. Nxd5 Qe6 20. Nxe7+ Rxe7 21. Nf4 $16) 19. Rdd1) 18... Nxd5 $11 19. Rxd5 {[%emt 0:00:11] Bxe7 is the strong threat.} Bxg5 20. Rxg5 Ne5 21. h4 (21. Qxc5 $2 {loses.} Qxc5 (21... Qxb2 22. Nf4 $11) 22. h4 Qb4 $19) 21... h6 22. Rg3 Nd3 23. Rb1 Qf6 24. Nf4 Nxf4 25. Rf3 Ne2+ 26. Qxe2 Qxh4 27. Qa6 Re7 28. Rf4 Qg5 29. Rc1 Red7 30. Qe2 Rd2 31. Qf3 R8d7 32. b4 cxb4 33. Rxb4 Qd8 34. Kh2 R7d5 35. g3 (35. Rf4 $11 Qd7 36. g4) 35... Qd7 (35... Rxf2+ $1 $15 36. Qxf2 Rd2) 36. Kg2 (36. Rf4 $11) 36... Rf5 ({Black should try} 36... Rxf2+ $1 $15 37. Qxf2 Rd2) 37. Rf4 Rh5 $132 {[%emt 0:00:41][%mdl 2048] Black has counterplay} 38. g4 Rg5 39. Qa8+ Kg7 40. Qc8 Qd5+ 41. e4 {[%emt 0:09:27] The board is on fire.} Qd7 $1 42. Qc3+ Kg8 43. Qc8+ Kg7 44. Qxd7 Rxd7 {[%emt 0:00:07][%mdl 4096] Endgame KRR-KRR} 45. Kf3 Re5 46. Ke3 Rb7 47. Kd4 Ree7 48. Rc4 $1 {[%emt 0:01:00] Dodges Rb4} Red7+ 49. Ke3 Rb3+ 50. Ke2 Rb2+ 51. Kf1 Rb1+ 52. Kg2 Re1 1/2-1/2

[Event "LEM Niedersachsen-Meister 2025"]
[Site "Verden"]
[Date "2025.01.02"]
[Round "1.10"]
[White "Celik, Abdullah"]
[Black "Lammers, Markus"]
[Result "0-1"]
[ECO "A32"]
[WhiteElo "2032"]
[BlackElo "2304"]
[Annotator "TA"]
[PlyCount "56"]
[EventDate "2024.12.27"]
[EventType "swiss"]
[EventCountry "GER"]
[SourceTitle "playchess.com"]
[Source "ChessBase"]
[SourceQuality "1"]
[TimeControl "40/5400+30:1800+30"]

1. d4 Nf6 2. c4 e6 3. g3 c5 4. Nf3 cxd4 5. Nxd4 d5 6. cxd5 (6. Bg2 $11) 6... Qxd5 $15 7. Nf3 Qxd1+ 8. Kxd1 Bc5 9. e3 Nc6 10. a3 O-O 11. b4 {[%emt 0:08:45] Prevents b6.} Be7 12. Bb2 b6 (12... Ne4 $15 13. Ke1 Nd6) 13. Bg2 (13. Nbd2 $11) 13... Bb7 14. Nfd2 Rac8 15. Ke1 (15. b5 $142 Na5 16. Bxb7 Nxb7 17. Ra2) 15... Rfd8 $17 16. Nc3 Ng4 {[%emt 0:00:41][%cal Og4f2] And now ...Nxf2! would win.} 17. Nd1 (17. Rd1 $17 {keeps fighting.}) 17... Ba6 $19 18. Bxc6 (18. f4 $142) 18... Rxc6 19. f3 $2 {[%emt 0:00:38] White is weak on the light squares} (19. Bc3) 19... Rc2 20. Bd4 e5 21. Bc3 {[%emt 0:00:37] [#]} Nxe3 $1 22. Nxe3 Rxc3 23. Nf5 Bf8 24. g4 g6 25. Ng3 Re3+ 26. Kf2 Rxd2+ 27. Kxe3 Bh6+ 28. Ke4 Bf4 0-1

[Event "LEM Niedersachsen-Meister 2025"]
[Site "Verden"]
[Date "2025.01.02"]
[Round "1.11"]
[White "Giorgadze, Giorgi Gel"]
[Black "Kieselbach, Jannik"]
[Result "1-0"]
[ECO "C67"]
[WhiteElo "2569"]
[BlackElo "1979"]
[Annotator "TA"]
[PlyCount "85"]
[EventDate "2024.12.27"]
[EventType "swiss"]
[EventCountry "GER"]
[SourceTitle "playchess.com"]
[Source "ChessBase"]
[SourceQuality "1"]
[TimeControl "40/5400+30:1800+30"]

1. e4 e5 2. Nf3 Nc6 3. Bb5 Nf6 4. O-O Nxe4 5. d4 Nd6 6. Bxc6 dxc6 7. dxe5 Nf5 8. Qxd8+ Kxd8 9. Rd1+ Ke8 10. Nc3 Ne7 11. h3 Ng6 12. Ne2 Be7 13. b3 Be6 14. c4 Rd8 15. Bb2 a6 16. Nfd4 c5 17. Nxe6 fxe6 18. f4 Kf7 19. g4 ({Better is} 19. Kf2 $14) 19... Rxd1+ ({Black should play} 19... Nh4 $11) 20. Rxd1 $14 Rd8 21. Rxd8 Bxd8 {[%emt 0:00:09][%mdl 4096] Endgame KBN-KBN} 22. Kf2 Ne7 23. Kf3 g5 24. fxg5 Ng6 25. Bc1 Nxe5+ 26. Ke4 Nc6 27. h4 b6 {[%emt 0:01:02] [#]} (27... Be7 $16 28. Ng1 Nb4) 28. Ng1 $1 $18 Be7 29. Nf3 Bd6 30. h5 Nb4 (30... Kg7 {might work better.} 31. Bb2+ Kg8) 31. Bb2 {[%emt 0:01:58][%cal Og5g6] g6+! would now be deadly.} Nxa2 $2 {[%emt 0:02:58] [#]} (31... Kg8 32. a4 Nc6) 32. g6+ $1 hxg6 33. Ng5+ Kg8 {[%emt 0:00:16] [#]} 34. h6 $1 e5 35. Bxe5 Bxe5 36. Kxe5 {[%emt 0:00:03] KN-KN. Black is a pawn up.} Nb4 37. Kf6 Nd3 38. Kxg6 Ne5+ 39. Kf5 Nd7 40. Ne4 Nf8 41. g5 Kf7 {[%emt 0:30:27] [#]} 42. g6+ $1 Kg8 (42... Nxg6 43. Ng5+) 43. Nf6+ 1-0

[Event "LEM Niedersachsen-Meister 2025"]
[Site "Verden"]
[Date "2025.01.02"]
[Round "1.12"]
[White "Gaertner, Alessandro"]
[Black "Polster, Christian"]
[Result "0-1"]
[ECO "A13"]
[WhiteElo "1970"]
[BlackElo "2252"]
[Annotator "TA"]
[PlyCount "150"]
[EventDate "2024.12.27"]
[EventType "swiss"]
[EventCountry "GER"]
[SourceTitle "playchess.com"]
[Source "ChessBase"]
[SourceQuality "1"]
[TimeControl "40/5400+30:1800+30"]

1. Nf3 d5 2. e3 Nf6 3. c4 e6 4. Nc3 Be7 5. b3 O-O 6. Bb2 c5 7. cxd5 exd5 8. Bd3 Nc6 9. O-O Bg4 10. h3 Bh5 11. Ne2 d4 12. Nf4 Bg6 13. Nxg6 hxg6 14. Bb5 dxe3 15. dxe3 Qb6 16. Qe2 a6 17. Bxc6 Qxc6 18. Rfd1 b5 19. Rac1 Rad8 20. Rxd8 Rxd8 21. Rd1 Rc8 22. Rc1 Qd5 23. Qd2 Qf5 24. Qa5 Qe6 25. Qc3 Bf8 26. Qe5 Qxe5 27. Bxe5 Nd5 28. Kf1 f6 29. Bb2 Nb4 30. a4 (30. Ba3 $5 Nxa2 31. Rc2 $14) 30... Nd3 31. Rc2 $1 Nxb2 32. Rxb2 c4 33. axb5 c3 34. Rc2 axb5 35. Nd4 b4 36. Ke2 Ra8 37. Kd3 Ra1 38. Nf3 (38. f4 $11) 38... Rd1+ $15 39. Kc4 g5 40. Re2 Kf7 41. Rc2 Be7 42. Re2 g6 43. Rc2 Kg7 44. Re2 Kh6 45. e4 (45. Ra2 $15) 45... Kg7 $17 46. Rc2 Bd6 47. Re2 Bf4 (47... Kf7 $17) 48. Rc2 (48. Kxb4 $2 Rd2 49. Nxd2 c2 $19 (49... cxd2 $2 50. Rxd2 Bxd2+ 51. Kc5 $19)) (48. Ra2 $1 $11) 48... Rd2 $1 $17 49. Ne1 (49. Nxd2 $2 cxd2 $19) 49... Bd6 $1 (49... Rd1 50. Nd3 Rd2 51. Rxd2 (51. Nxb4 Be5 $18) 51... cxd2 52. Nb2 $11 (52. Nxb4 $2 d1=Q $19)) 50. f3 (50. Rxd2 $2 cxd2 51. Nc2 d1=Q $19 (51... d1=B $2 52. Nxb4 Be2+ 53. Nd3 $19)) (50. e5 $2 fxe5 (50... Bxe5 51. Kxb4 f5 52. Kc4 $17) 51. f3 Rd4+ 52. Kb5 Rd1 $19) (50. Kb5 $17) 50... Kf7 $2 (50... Rd1 51. Nd3 $11) ({Black should play} 50... Bf4 $1 $19 51. g4 (51. Kxb4 Rd1 $17) 51... Kf8 (51... Rd1 52. Nd3 $16) 52. Kxb4 Rd1 53. Rxc3 Rxe1) 51. Rc1 $1 $11 (51. e5 $2 fxe5 (51... Bxe5 $2 52. Kxb4 Rd4+ 53. Kc5 $17) 52. Rc1 Ke6 $19) 51... Ra2 52. Nd3 (52. Nc2 $11 {keeps the balance.}) 52... Ra8 $1 $17 53. Rc2 (53. Nxb4 $2 Rc8+ 54. Kb5 Rb8+ 55. Kc4 Bxb4 $19) 53... Rc8+ 54. Kd5 Be7 55. Kd4 Ke6 56. f4 Rd8+ 57. Ke3 f5 58. g4 Rh8 (58... fxe4 $1 $17 59. Kxe4 Kf6) 59. exf5+ $15 gxf5 60. gxf5+ Kxf5 61. fxg5 Bxg5+ 62. Kd4 Rh4+ (62... Rxh3 63. Nxb4 Rh4+ 64. Kd3 $15) 63. Kd5 Bd2 (63... Rxh3 $6 64. Nxb4 Bf6 65. Rf2+ Kg6 66. Rc2 $11) 64. Kc5 (64. Ne5 $17 {was forced.}) 64... Ke4 $1 $19 (64... Rxh3 65. Nxb4 Rh8 66. Na2 $11) 65. Nxb4 {[%emt 0:00:15] [#]} Rh5+ $2 (65... Rxh3 66. Kc4 $11) (65... Ke3 $1 $19 {[%cal Re3e2] White must now prevent ...Ke2!.} 66. Kb5 Ke2 (66... Rxh3 67. Nd5+ Kd4 68. Nxc3 $15)) 66. Kc4 $11 Rh8 67. Nd3 (67. Na6 $11) 67... Ke3 $1 $17 68. Nc5 Rh4+ 69. Kd5 Ke2 (69... Rxh3 70. b4 $11) 70. Na4 $2 (70. Ra2 $15) 70... Kd3 $19 (70... Rxh3 71. Nxc3+ Kd3 72. Rxd2+ Kxd2 73. Ne4+ Ke3 74. Nd6 $11) 71. Ra2 {[%emt 0:00:21] [#]} Rh5+ $1 (71... Rxh3 72. Nc5+ Ke3 73. b4 $15) 72. Kc6 c2 $1 ({Less strong is} 72... Rxh3 73. Nc5+ Ke3 74. Na4 $17) 73. Nb2+ Kd4 74. Nc4 Rc5+ (74... c1=B 75. Nxd2 Rxh3 76. Ra4+ Kc3 77. Ne4+ Kxb3 78. Nc5+ Kb2 79. Rb4+ Ka1 80. Nb3+ Rxb3 81. Rxb3 $11) 75. Kb6 Rxc4 ({Worse is} 75... c1=B 76. Nxd2 Rc3 77. b4 $11) 0-1